 Dungeon Crawl Stone Soup version 0.31-a0-620-gd1cbd99268 (webtiles) character file.

Game seed: 1923012316343888154

21 Fodor the Covered (level 2, -1/2 HPs)
             Began as a Minotaur Fighter on Aug 24, 2023.
             Slain by a kobold
             ... wielding a +0 club
              (3 damage)
             ... on level 1 of the Dungeon.
             The game lasted 00:02:51 (592 turns).

Fodor the Covered (Minotaur Fighter)                 Turns: 592, Time: 00:02:51

Health: -1/2       AC:  7    Str: 20    XL:     2   Next: 65%
Magic:  1/1        EV:  9    Int:  5    God:
Gold:   71         SH:  4    Dex:  9    Spells: 1/1 levels left

rFire   . . .        a - +0 long sword
rCold   + . .        c - +0 buckler
rNeg    + + +        b - +0 scale mail
rPois   ∞            (helmet restricted)
rElec   .            (no cloak)
rCorr   .            (no gloves)
SInv    .            (no boots)
Will    +....        e - amulet of the acrobat Stlth
                     (no ring)
HPRegen 0.20/turn    (no ring)
MPRegen 0.07/turn

%: acrobat
@: death-form
A: vile attack, torment immunity, no potions, reduced hp, horns 2, retaliatory
headbutt
a: Siphon Essence, Begin Untransformation


You were on level 1 of the Dungeon.
You were an undying horror.
You visited 1 branch of the dungeon, and saw 1 of its levels.

You collected 71 gold pieces.

Inventory:

Hand Weapons
 a - a +0 long sword (weapon)
Armour
 b - a +0 scale mail (worn)
 c - a +0 buckler (worn)
 g - a +2 cloak
Jewellery
 e - an amulet of the acrobat (around neck)
Talismans
 f - a talisman of death (active)
Potions
 d - a potion of might


   Skills:
 + Level 3.9 Fighting
 + Level 2.6 Long Blades
 + Level 4.2 Armour
 + Level 4.0 Shields


You had one spell level left.
You didn't know any spells.
Your spell library was empty.

Dungeon Overview and Level Annotations

Branches:
Dungeon (1/15)

Altars:


Innate Abilities, Weirdness & Mutations

You are an undying horror.
Your melee and unarmed attacks drain, slow and weaken victims.
You are immune to unholy pain and torment.
You cannot drink.
Your maximum health is decreased, since you lack skill for your form.
You are immune to poison.
You have a pair of horns on your head.
You reflexively headbutt those who attack you in melee.


Message History

Ouch! That really hurt!
You hit the kobold.
You kill the kobold!
Your Shields skill increases to level 4!
Things that are here:
a +0 dagger; a kobold corpse You see here a +0 sling.
You open the large door.
There is a large open door here.
As you open the door, it creaks loudly!
An endoplasm comes into view.
You hear a shout! x2
A kobold comes into view. It is wielding a +0 club.
Found a bubbling clear potion.
Found a stone staircase leading down.
A kobold comes into view. It is wielding a +0 club.
A rat comes into view.
There is an open door here.
The endoplasm misses you.
The kobold throws a stone.
The stone misses you.
The rat twitches its whiskers.
There is a stone staircase leading down here.
You slash the endoplasm!
You kill the endoplasm!
The kobold throws a stone.
The stone hits you but does no damage. The kobold completely misses you.
You hit the kobold.
The kobold decays.
The kobold is severely wounded.
The rat barely misses you. You furiously retaliate!
You headbutt the rat!
You kill the rat!
A giant cockroach comes into view.
The kobold closely misses you.
You barely miss the kobold.
The kobold is severely wounded.
The kobold hits you but does no damage.
An endoplasm comes into view.
The endoplasm quivers.
You hit the kobold.
You kill the kobold!
You block the kobold's attack. The kobold hits you with a +0 club.
Ouch! That really hurt!
You die...

#########
#.......###### ##.
#............# ...
#............# ....
#............# .....
#...)...''#####.....
#.......#.#.........
#...)...#.#.........
##......#.'>z)......
#.......##.!K...###
#.......##.....B...
###.......##.........
#.....###.##.........
#.#.......##....##...
#.#....#####....# .J.
#.#.....(###..... ..
#..............


You could see an endoplasm, a giant cockroach and a kobold.

Vanquished Creatures
  2 endoplasms (D:1)
  2 giant cockroaches (D:1)
  A goblin (D:1)
  A hobgoblin (D:1)
  4 jackals (D:1)
  A ball python (D:1)
  2 bats (D:1)
  A frilled lizard (D:1)
  2 kobolds (D:1)
  5 rats (D:1)
21 creatures vanquished.

Notes
Turn   | Place    | Note
-------+----------+-------------------------------------------
     0 | D:1      | Fodor the Minotaur Fighter began the quest for the Orb.
     0 | D:1      | Reached XP level 1. HP: 19/19 MP: 0/0
   128 | D:1      | Reached XP level 2. HP: 25/27 MP: 1/1
   592 | D:1      | Slain by a kobold

Illustrated notes

Levels and vault maps discovered:
D:1:      dpeg_arrival_central, layout_basic, minivault_26

Skill      XL: |  1  2 |
---------------+-------+-----
Armour         | 4 |  4.2
Shields        | 4 |  4.0
Fighting       | |  3.9
Long Blades    | |  2.6

Action                     || total
---------------------------++-------
  Melee: Long sword        ||    36
         Headbutt          ||     2
 Armour: Scale mail        ||    16
  Dodge: Dodged            ||    25
  Block: Buckler           ||    11
   Form: Death             ||     1

Table legend: (Time is in decaauts)
 A = Elapsed time spent in this place.
 B = Non-inter-level travel time spent in this place.
 C = Inter-level travel time spent in this place.
 D = Time resting spent in this place.
 E = Time spent auto-exploring this place.
 F = Levels seen in this place.
 G = Mean time per level.
                   A        B        C        D        E       F      G
               +--------+--------+--------+--------+--------+-----+--------+
         Total |    602 |    602 |      0 |    227 |      0 |   1 |  602.0 |
       Dungeon |    602 |    602 |      0 |    227 |      0 |   1 |  602.0 |
               +--------+--------+--------+--------+--------+-----+--------+

Top non-repeatable levels by time:
     D:1: 602 daAuts
